Workbook

Sheet Officers 2023
A1: INDIANA COUNTY AUDITORS' ASSOCIATION 2023 OFFICERS
A6: President……………………………………………....…… | E6: Christina Sriver, Fulton County (NW)
A7: President Elect…………………………………….....….. | E7: Rachel Oesterreich, Starke County (NW)
A8: Vice President…………...……………………….......…….. | E8: Debra Carnes, Hancock County (EC)
A9: Treasurer…………………………........………………………… | E9: Amy Hochstrasser, Ohio County (SE)
A10: Secretary…………………………........………………………… | E10: Jen Welsh, Daviess County (SW)
A11: Past President…..................................................... | E11: (vacant)
C13: 2023 DISTRICT CHAIR PERSONS
A14: Northeast District……………………….........……………… | E14: Susan Sleeper, Elkhart County
A15: Northwest District……………………….........…………….. | E15: Tammy James, Newton County
A16: East Central District……………………........…………….. | E16: Robin Mills, Hamilton County
A17: West Central District…………………........……………… | E17: Kristinia Hammack, Perry County
A18: Southeast District………………………........…………….. | E18: Connie Fromhold, Dearborn County
A19: Southwest District………………………........……………. | E19: Lonnie Stroud, Orange County
C21: 2023 LEGISLATIVE COMMITTEE
A22: Co-Chair, NE District………………………………………………….. | E22: Nick Jordan, Allen County
A23: Co-Chair, At-Large………………………………………………….. | E23: Debra Carnes, Hancock County
A24: Northwest District…………….......…………......................……………….. | E24: Mary Brown, Miami County
A25: Southeast District………………………….............…………… | E25: Amy Hochstrasser, Ohio County
A26: Southwest District…………………………..........………….. | E26: Brian Gerth, Vanderburgh County
A27: East Central District………………………...........…………… | E27: Rick Gardner, Madison County
A28: West Central District………………………...............…………. | E28: Nancy Marsh, Hendricks County
A29: At-Large………………………………………..........…………….. | E29: Susan Sleeper, Dekalb County
A30: President-Elect……………………………................……………. | E30: Rachel Oesterreich, Starke County
A31: Ex-Officio…………………………………..........………………… | E31: Christina Sriver, Fulton County
C33: 2023 CONTINUING EDUCATION COMMITTEE
A34: Chair………………………………….........………………………… | E34: Debra Carnes, Hancock County
A35: Members…………………………………………........……….. | E35: Tami Jackson, Newton County
E36: Susan Sleeper, Dekalb County
E37: Kristinia Hammack, Perry County
E38: Judy Gumbel, Pike County
E39: Chad Shireman, Harrison County
C41: ASSOCIATION LOBBYIST
A42: Mark Palmer…...................................................... | E42: Market & Capitol Advocacy
A45: IMPORTANT DATES TO REMEMBER
A46: SBOA Quadrant Meetings……………………....……… | E46: May 11-Virtual May 16-Hamiliton Co. Fairgrounds May 17-Plymouth, Marshall Co. Building May 23-Ivy Tech Lawrenceburg May 24-Vincennes University
A47: Association Meetings…………….........................….. | E47: Hilton Indianapolis, July 11-12, 2023
A48: AIC Annual Conference……………………….........…….. | E48: September 25-28, 2023, French Lick Resort
A49: Fall, 2023 Auditor Conference…………..............………… | E49: October 24-27, 2023 Crowne Plaza,
E50: Downtown Indianapolis
A52: County population is most recent estimates: https://www.census.gov/data/tables/time-series/demo/popest/2020s-counties-total.html

Sheet Officers 2024
A1: INDIANA COUNTY AUDITORS' ASSOCIATION 2024 OFFICERS
A6: President………………………………………………… | E6: Rachel Oesterreich, Starke County (NW)
A7: President Elect……………………………………….. | E7: Debra Carnes, Hancock County (EC)
A8: Vice President…………...………………………….. | E8: Amy Hochstrasser, Ohio County (SE)
A9: Treasurer………………………….………………………… | E9: Jen Welsh, Daviess County (SW)
A10: Secretary…………………………………..………………
A11: Advising Past President…………………………. | E11: Christina Sriver, Fulton County (NW)
C13: 2024 DISTRICT CHAIR PERSONS
A14: Northeast District
A15: Northwest District
A16: East Central District
A17: West Central District
A18: Southeast District
A19: Southwest District
C21: 2024 LEGISLATIVE COMMITTEE
A22: Chair
A23: Northwest District
A24: Northeast District
A25: Southeast District
A26: Southwest District
A27: East Central District
A28: West Central District
C31: 2024 CONTINUING EDUCATION COMMITTEE
A32: Chair…………………………………....…………………………
A33: Members……………………………......……………………..
C35: ASSOCIATION LOBBYIST
C38: 2024 CONFERENCE DATES
A39: Spring Auditor's Conference…….....…. | D39: May 21-24, 2024, Renaissance Indianapolis North Hotel
A40: Fall Auditors' Conference………………………. | D40: October 22-25, 2024, French Lick Springs Hotel
A41: AIC Annual Conference………………………….. | D41: September 23-26, 2024, Belterra Casino Resort
A44: *All 2024 Officers, Committees, and Dates are subject to change after publication.

Sheet Auditor info
A1: 1. ADAMS CO. (NE) | E1: 2. ALLEN CO (NE)
A2: Tony Mellencamp (Rep) | E2: Nicolas D. Jordan (Rep)
A3: 313 W. Jefferson St. | E3: 1 E. Main St. Ste 102
A4: Decatur, IN 46733 | E4: Fort Wayne, IN 46802
A5: Office: 260-724-5303 | E5: Office: 260-449-7241
A6: Fax: 260-724-5304 | E6: Fax: 260-449-7679
A7: Cell: 260-692-2338 | E7: Cell:
A8: tmellencamp@co.adams.in.us | E8: nick.jordan@allencounty.us
A9: First Term Expires 2024 | E9: Second Term Expires 2026
A10: Tax Billing: X-Soft | E10: Tax Billing: Low
A11: CAMA: X Soft | E11: CAMA: X-Soft
A12: Financial: Low | E12: Financial: Superion Naviline
... A1096: Parcel count: 25,480 | E1096: Parcel count: 24,048

Sheet District index
A1: 2023-2024 Directory
A2: Listed by Districts
B4: County | C4: Name | D4: Email | E4: Office Phone
A6: Northwest District
B7: Benton County | C7: ='Auditor info'!E20 -> Audrey Freeland (Rep) | D7: ='Auditor info'!E26 -> afreeland@bentoncounty.in.gov | E7: ='Auditor info'!E23 -> Office: 765-884-0760 ext 8105
B8: Carroll County | C8: ='Auditor info'!E64 -> Beth L. Myers (Rep) | D8: ='Auditor info'!E70 -> auditor@carrollcountyin.gov | E8: ='Auditor info'!E67 -> Office: 765-564-3172
B9: Cass County | C9: ='Auditor info'!A90 -> Cheryl Alcorn (Rep) | D9: ='Auditor info'!A96 -> cheryl.alcorn@co.cass.in.us | E9: Office: 574-753-7720
B10: Fulton County | C10: ='Auditor info'!A288 -> Christina Sriver (Rep) | D10: ='Auditor info'!A294 -> auditor@co.fulton.in.us | E10: ='Auditor info'!A93 -> Office: 574-753-7720
B11: Howard County | C11: ='Auditor info'!E384 -> Jessica Secrease (Rep) | D11: ='Auditor info'!E390 -> jessica.rudy@howardcountyin.gov | E11: ='Auditor info'!E387 -> Office: 765-456-2215
B12: Jasper County | C12: Donya Jordan | D12: auditor@co.jasper.in.us | E12: Office: 219-866-4930
B13: Lake County | C13: ='Auditor info'!A534 -> Peggy Holinga-Katona | D13: ='Auditor info'!A540 -> katonpx@lakecountyin.org | E13: ='Auditor info'!A537 -> Office: 219-755-3901
B14: LaPorte County | C14: ='Auditor info'!E534 -> Timothy Stabosz (Rep) | D14: ='Auditor info'!E540 -> tstabosz@laporteco.in.gov | E14: ='Auditor info'!E537 -> Office: 219-326-6808 ext 2226
B15: Marshall County | C15: ='Auditor info'!E583 -> Angie Birchmeier (Rep) | D15: ='Auditor info'!E589 -> angieb@co.marshall.in.us | E15: ='Auditor info'!E586 -> Office: 574-935-8555
B16: Miami County | C16: ='Auditor info'!E601 -> Mary Brown (Rep) | D16: ='Auditor info'!E607 -> mbrown@miamicountyin.gov | E16: ='Auditor info'!E604 -> Office: 765-472-3901 ext 1240
B17: Newton County | C17: ='Auditor info'!E648 -> Tamra (Tami) James (Rep) | D17: ='Auditor info'!E654 -> tjames@newtoncounty.in.gov | E17: ='Auditor info'!E651 -> Office: 219-474-6081 Ext. 1200
B18: Porter County | C18: ='Auditor info'!E747 -> Karen Martin (Rep) | D18: ='Auditor info'!E753 -> karen.martin@porterco.org | E18: ='Auditor info'!E750 -> Office: 219-465-3350
B19: Pulaski County | C19: ='Auditor info'!E779 -> Laura Wheeler (Rep) | D19: ='Auditor info'!E785 -> pulaskiauditor@pulaskicounty.in.gov | E19: ='Auditor info'!E782 -> Office: 574-946-3653
B20: St. Joseph County | C20: ='Auditor info'!A846 -> John Murphy (Dem) | D20: ='Auditor info'!A852 -> JMurphy@sjcindiana.com | E20: ='Auditor info'!A849 -> Office: 574-235-9399
B21: Starke County | C21: ='Auditor info'!A882 -> Rachel Oesterreich (Dem) | D21: ='Auditor info'!A888 -> Roesterreich@starke.in.gov | E21: ='Auditor info'!A885 -> Office: 574-772-9101
B22: White County | C22: ='Auditor info'!A1081 -> Libby Billue (Rep) | D22: ='Auditor info'!A1087 -> libby.billue@whitecounty.in.gov | E22: ='Auditor info'!A1084 -> Office: 574-583-1515
A23: Northeast District
B24: Adams County | C24: ='Auditor info'!A2 -> Tony Mellencamp (Rep) | D24: ='Auditor info'!A8 -> tmellencamp@co.adams.in.us | E24: ='Auditor info'!A5 -> Office: 260-724-5303
B25: Allen County | C25: ='Auditor info'!E2 -> Nicolas D. Jordan (Rep) | D25: ='Auditor info'!E8 -> nick.jordan@allencounty.us | E25: ='Auditor info'!E5 -> Office: 260-449-7241
B26: Blackford County | C26: ='Auditor info'!A46 -> Sharon L. Hartley (Rep) | D26: ='Auditor info'!A52 -> shartley@blackfordcounty.in.gov | E26: ='Auditor info'!A49 -> Office: 765-348-1620
B27: DeKalb County | C27: ='Auditor info'!A189 -> Susan Sleeper (Rep) | D27: ='Auditor info'!A195 -> ssleeper@co.dekalb.in.us | E27: ='Auditor info'!A192 -> Office: 260-925-2362
B28: Elkhart County | C28: ='Auditor info'!E207 -> Patty Pickens (Rep) | D28: ='Auditor info'!E213 -> ppickens@elkhartcounty.com | E28: ='Auditor info'!E210 -> Office: 574-535-6719
B29: Grant County | C29: Jim McWhirt | D29: jmcwhirt@grantcounty.net | E29: Office: 765-668-6552
B30: Huntington County | C30: ='Auditor info'!A402 -> Jill Landrum (Rep) | D30: ='Auditor info'!A408 -> jill.landrum@huntington.in.us | E30: ='Auditor info'!A405 -> Office: 260-358-4804
B31: Jay County | C31: Anna Culy | D31: aculy@co.jay.in.us | E31: Office: 260-726-7575
B32: Kosciusko County | C32: ='Auditor info'!A502 -> Rhonda Helser (Rep) | D32: ='Auditor info'!A508 -> rhelser@kcgov.com | E32: ='Auditor info'!A505 -> Office: 574-372-2328
B33: LaGrange County | C33: ='Auditor info'!E502 -> Kathryn Hopper (Rep) | D33: ='Auditor info'!E508 -> khopper@lagrangecounty.org | E33: ='Auditor info'!E505 -> Office: 260-499-6310
B34: Noble County | C34: ='Auditor info'!A679 -> Shelley Mawhorter (Rep) | D34: ='Auditor info'!A685 -> smawhorter@nobleco.us | E34: ='Auditor info'!A682 -> Office: 260-636-2658
B35: Steuben County | C35: ='Auditor info'!E882 -> Kelli Johnson (Rep) | D35: ='Auditor info'!E888 -> kjohnson@co.steuben.in.us | E35: ='Auditor info'!E885 -> Office: 260-668-1000 Ext 1218
B36: Wabash County | C36: ='Auditor info'!A998 -> Marcie Shepherd (Rep) | D36: ='Auditor info'!A1004 -> auditor@wabashcounty.in.gov | E36: ='Auditor info'!A1001 -> Office: 260-563-0661
B37: Wells County | C37: ='Auditor info'!E1048 -> Lisa McCormick (Rep) | D37: ='Auditor info'!E1054 -> auditor@wellscounty.org | E37: ='Auditor info'!E1051 -> Office: 260-824-6474
B38: Whitley County | C38: ='Auditor info'!E1081 -> Tiffany Deakins (Rep) | D38: ='Auditor info'!E1087 -> wcauditor@whitleygov.com | E38: ='Auditor info'!E1084 -> Office: 260-248-3100
A39: West Central District
B40: Boone County | C40: ='Auditor info'!E46 -> Debbie Crum (Rep) | D40: ='Auditor info'!E52 -> dcrum@co.boone.in.us | E40: ='Auditor info'!E49 -> Office: 765-482-2940
B41: Clay County | C41: ='Auditor info'!A108 -> Patti Foxx (Rep) | D41: ='Auditor info'!A114 -> foxxp@claycountyin.gov | E41: ='Auditor info'!A111 -> Office: 812-448-9001
B42: Clinton County | C42: Britt Ostler | D42: bostler@clintonco.com | E42: Office: 765-659-6330
B43: Fountain County | C43: ='Auditor info'!A256 -> Colleen Chambers (Rep) | D43: ='Auditor info'!A262 -> cchambers@fountainco.net | E43: ='Auditor info'!A259 -> Office: 765-793-6243
B44: Hendricks County | C44: ='Auditor info'!E354 -> Nancy L. Marsh (Rep) | D44: ='Auditor info'!E360 -> nmarsh@co.hendricks.in.us | E44: ='Auditor info'!E357 -> Office: 317-745-9300
B45: Montgomery County | C45: ='Auditor info'!E630 -> Mindy Byers (Rep) | D45: ='Auditor info'!E636 -> mindy.byers@montgomerycounty.in.gov | E45: ='Auditor info'!E633 -> Office: 765-364-6401
B46: Morgan County | C46: ='Auditor info'!A648 -> Linda Pruitt (Rep) | D46: ='Auditor info'!A654 -> lpruitt@morgancounty.in.gov | E46: ='Auditor info'!A651 -> Office: 765-342-1001
B47: Owen County | C47: ='Auditor info'!E697 -> Sheila Reeves (Rep) | D47: ='Auditor info'!E703 -> sheila.reeves@owencounty.in.gov | E47: ='Auditor info'!E700 -> Office: 812-829-5000
B48: Parke County | C48: ='Auditor info'!A729 -> Mary Anne Wood (Rep) | D48: ='Auditor info'!A735 -> auditor@parkecounty.in.gov | E48: ='Auditor info'!A732 -> Office: 765-569-3422
B49: Putnam County | C49: ='Auditor info'!A797 -> Kristina Berish (Rep) | D49: ='Auditor info'!A803 -> auditor@co.putnam.in.us | E49: ='Auditor info'!A800 -> Office: 765-653-5513
B50: Tippecanoe County | C50: ='Auditor info'!A931 -> Jennifer Weston (Rep) | D50: ='Auditor info'!A937 -> jweston@tippecanoe.in.gov | E50: ='Auditor info'!A934 -> Office: 765-423-9207
B51: Vermillion County | C51: ='Auditor info'!A980 -> Brenda Furry (Rep) | D51: ='Auditor info'!A986 -> brenda.furry@vermillioncounty.in.gov | E51: ='Auditor info'!A983 -> Office: 765-492-5300
B52: Vigo County | C52: ='Auditor info'!E980 -> James W. Bramble (Dem) | D52: ='Auditor info'!E986 -> James.Bramble@vigocounty.in.gov | E52: ='Auditor info'!E983 -> Office: 812-462-3361
B53: Warren County | C53: ='Auditor info'!E998 -> Lori Heidenreich (Rep) | D53: ='Auditor info'!E1004 -> auditor@warrencounty.in.gov | E53: ='Auditor info'!E1001 -> Office: 765-762-3275
A54: East Central District
B55: Delaware County | C55: ='Auditor info'!E189 -> Edward Carroll (Rep) | D55: ='Auditor info'!E195 -> ECarroll@co.delaware.in.us | E55: ='Auditor info'!E192 -> Office: 765-747-7717
B56: Fayette County | C56: ='Auditor info'!A238 -> Jane Downard (Rep) | D56: ='Auditor info'!A244 -> auditor@co.fayette.in.us | E56: ='Auditor info'!A241 -> Office: 765-825-8987
B57: Franklin County | C57: ='Auditor info'!E256 -> Karla J. Bauman (Rep) | D57: ='Auditor info'!E262 -> kbauman@franklincounty.in.gov | E57: ='Auditor info'!E259 -> Office: 765-647-4631
B58: Hamilton County | C58: ='Auditor info'!A336 -> Robin M. Mills (Rep) | D58: ='Auditor info'!A342 -> robin.mills@hamiltoncounty.in.gov | E58: ='Auditor info'!A339 -> Office: 317-770-4424
B59: Hancock County | C59: ='Auditor info'!E336 -> Debra A. Carnes (Rep) | D59: ='Auditor info'!E342 -> dcarnes@hancockcoingov.org | E59: ='Auditor info'!E339 -> Office: 317-477-1105
B60: Henry County | C60: ='Auditor info'!A384 -> Debbie Walker (Rep) | D60: ='Auditor info'!A390 -> dwalker@henrycounty.in.gov | E60: ='Auditor info'!A387 -> Office: 765-529-2800
B61: Johnson County | C61: ='Auditor info'!A484 -> Elizabeth Alvey (Rep) | D61: ='Auditor info'!A490 -> ealvey@co.johnson.in.us | E61: ='Auditor info'!A487 -> Office: 317-346-4312
B62: Madison County | C62: ='Auditor info'!E552 -> Rick G. Gardner (Rep) | D62: ='Auditor info'!E558 -> RGardner@madisoncounty.in.gov | E62: ='Auditor info'!E555 -> Office: 765-641-9425
B63: Marion County | C63: ='Auditor info'!A583 -> Myla Eldridge (Dem) | D63: ='Auditor info'!A589 -> myla.eldridge@indy.gov | E63: ='Auditor info'!A586 -> Office: 317-327-4646
B64: Randolph County | C64: ='Auditor info'!E797 -> Laura Martin (Rep) | D64: ='Auditor info'!E803 -> lmartin@randolph.in.gov | E64: ='Auditor info'!E800 -> Office: 765-584-6700
B65: Rush County | C65: ='Auditor info'!E828 -> Tammy Justice(Rep) | D65: ='Auditor info'!E834 -> auditor@rushcounty.in.gov | E65: ='Auditor info'!E831 -> Office: 765-932-2077
B66: Shelby County | C66: ='Auditor info'!A864 -> Amy L. Glackman (Rep) | D66: ='Auditor info'!A870 -> aglackman@co.shelby.in.us | E66: ='Auditor info'!A867 -> Office: 317-392-6310
B67: Tipton County | C67: ='Auditor info'!E931 -> Melissa Pickering (Rep) | D67: ='Auditor info'!E937 -> auditor@tiptoncounty.in.gov | E67: ='Auditor info'!E934 -> Office: 765-675-2794
B68: Union County | C68: ='Auditor info'!A949 -> Dennis Spaeth (Dem) | D68: ='Auditor info'!A955 -> auditor@unioncountyin.us | E68: ='Auditor info'!A952 -> Office: 765-458-5464
B69: Wayne County | C69: ='Auditor info'!A1048 -> Mark Hoelscher (Rep) | D69: ='Auditor info'!A1054 -> mhoelscher@co.wayne.in.us | E69: ='Auditor info'!A1051 -> Office: 765-973-9317 Ext. 1319
A70: Southwest District
B71: Crawford County | C71: ='Auditor info'!A139 -> Wendy Marples (Rep) | D71: ='Auditor info'!A145 -> auditor@crawfordcountyin.com | E71: ='Auditor info'!A142 -> Office: 812-338-2601
B72: Daviess County | C72: ='Auditor info'!E139 -> Jennifer "Jen" Welsh (Rep) | D72: ='Auditor info'!E145 -> auditor@daviess.org | E72: ='Auditor info'!E142 -> Office: 812-254-8662
B73: Dubois County | C73: ='Auditor info'!A207 -> Sandy Morton (Dem) | D73: ='Auditor info'!A213 -> slmorton@duboiscountyin.org | E73: ='Auditor info'!A210 -> Office: 812-481-7000
B74: Gibson County | C74: ='Auditor info'!E288 -> Mike Watkins (Rep) | D74: ='Auditor info'!E294 -> mwatkins@gibsoncounty-in.gov | E74: ='Auditor info'!E291 -> Office: 812-385-4927
B75: Greene County | C75: ='Auditor info'!E306 -> Heather Perry (Rep) | D75: ='Auditor info'!E312 -> heather.perry@co.greene.in.us | E75: ='Auditor info'!E309 -> Office: 812-384-2008
B76: Knox County | C76: ='Auditor info'!E484 -> Lisa Clark-Benock (Rep) | D76: ='Auditor info'!E490 -> LCBenock@knoxcounty.in.gov | E76: ='Auditor info'!E487 -> Office: 812-885-2502
B77: Lawrence County | C77: ='Auditor info'!A552 -> Jessica Staggs (Rep) | D77: ='Auditor info'!A558 -> jstaggs@lawrencecounty.in.gov | E77: ='Auditor info'!A555 -> Office: 812-275-3111
B78: Martin County | C78: ='Auditor info'!A601 -> Michelle Norris (Dem) | D78: ='Auditor info'!A607 -> mnorris@martincounty.in.gov | E78: ='Auditor info'!A604 -> Office: 812-247-3731
B79: Monroe County | C79: ='Auditor info'!A630 -> Catherine Smith (Dem) | D79: ='Auditor info'!A636 -> csmith@co.monroe.in.us | E79: ='Auditor info'!A633 -> Office: 812-349-2515
B80: Orange County | C80: ='Auditor info'!A697 -> Lonnie Stroud (Rep) | D80: ='Auditor info'!A703 -> auditorLonnie@co.orange.in.us | E80: ='Auditor info'!A700 -> Office: 812-723-7100
B81: Perry County | C81: ='Auditor info'!E729 -> Kristinia Hammack (Dem) | D81: ='Auditor info'!E735 -> auditor@perrycounty.in.gov | E81: ='Auditor info'!E732 -> Office: 812-547-6427
B82: Pike County | C82: ='Auditor info'!A747 -> Judith Gumbel (Rep) | D82: ='Auditor info'!A753 -> jgumbel@pikecounty.in.gov | E82: ='Auditor info'!A750 -> Office: 812-354-6451
B83: Posey County | C83: ='Auditor info'!A779 -> Maegen Greenwell (Rep) | D83: ='Auditor info'!A785 -> maegen.greenwell@poseycountyin.gov | E83: ='Auditor info'!A782 -> Office: 812-838-1300
B84: Spencer County | C84: ='Auditor info'!E864 -> Melissa Bunner (Rep) | D84: ='Auditor info'!E870 -> spenceraud@psci.net | E84: ='Auditor info'!E867 -> Office: 812-649-6004
B85: Sullivan County | C85: ='Auditor info'!A900 -> Amy Scarbrough (Rep) | D85: ='Auditor info'!A906 -> ascarbrough@sullivancounty.in.gov | E85: ='Auditor info'!A903 -> Office: 812-268-4491
B86: Vanderburgh County | C86: ='Auditor info'!E949 -> Brian Gerth (Rep) | D86: ='Auditor info'!E955 -> bagerth@vanderburghgov.org | E86: ='Auditor info'!E952 -> Office 812-435-5763
B87: Warrick County | C87: ='Auditor info'!A1030 -> Michael Dietsch (Rep) | D87: ='Auditor info'!A1036 -> mdietsch@warrickcounty.gov | E87: ='Auditor info'!A1033 -> Office: 812-897-6110
A88: Southeast District
B89: Bartholomew County | C89: ='Auditor info'!A20 -> Pia O'Connor (Rep) | D89: ='Auditor info'!A26 -> pia.oconnor@bartholomew.in.gov | E89: ='Auditor info'!A23 -> Office: 812-379-1510
B90: Brown County | C90: ='Auditor info'!A64 -> Julia Reeves (Rep) | D90: ='Auditor info'!A70 -> reevesj@browncounty-in.us | E90: ='Auditor info'!A67 -> Office: 812-988-5485
B91: Clark County | C91: ='Auditor info'!E90 -> Danny Yost (Rep) | D91: ='Auditor info'!E96 -> dyost@clarkcounty.in.gov | E91: ='Auditor info'!E93 -> Office: 812-285-6211
B92: Dearborn County | C92: ='Auditor info'!A157 -> Connie A. Fromhold (Rep) | D92: ='Auditor info'!A163 -> cfromhold@dearborncounty.in.gov | E92: ='Auditor info'!A160 -> Office: 812-537-8879
B93: Decatur County | C93: ='Auditor info'!E157 -> Janet S. Chadwell (Rep) | D93: ='Auditor info'!E163 -> auditor@decaturcounty.in.gov | E93: ='Auditor info'!E160 -> Office: 812-663-2570
B94: Floyd County | C94: ='Auditor info'!E238 -> Diana Topping (Rep) | D94: ='Auditor info'!E244 -> dtopping@floydcounty.in.gov | E94: ='Auditor info'!E241 -> Office: 812-948-5435
B95: Harrison County | C95: ='Auditor info'!A354 -> Chad Shireman (Rep) | D95: ='Auditor info'!A360 -> cshireman@harrisoncounty.in.gov | E95: ='Auditor info'!A357 -> Office: 812-738-8241
B96: Jackson County | C96: ='Auditor info'!E402 -> Roger Hurt (Rep) | D96: ='Auditor info'!E408 -> auditor@jacksoncounty.in.gov | E96: ='Auditor info'!E405 -> Office: 812-358-6122
B97: Jefferson County | C97: ='Auditor info'!A452 -> Heather Huff (Rep) | D97: ='Auditor info'!A458 -> heather.huff@jeffersoncounty.in.gov | E97: ='Auditor info'!A455 -> Office: 812-265-8907
B98: Jennings County | C98: ='Auditor info'!E452 -> Sarah Abel (Rep) | D98: ='Auditor info'!E458 -> sabel@jenningscounty-in.gov | E98: ='Auditor info'!E455 -> Office: 812-352-3016
B99: Ohio County | C99: ='Auditor info'!E679 -> Amy R. Hochstrasser (Rep) | D99: ='Auditor info'!E685 -> ahochstrasser@ohiocountyin.gov | E99: ='Auditor info'!E682 -> Office: 812-438-2062
B100: Ripley County | C100: ='Auditor info'!A828 -> Amy R. Copeland (Rep) | D100: ='Auditor info'!A834 -> acopeland@ripleycounty.com | E100: ='Auditor info'!A831 -> Office: 812-689-6311
B101: Scott County | C101: ='Auditor info'!E846 -> Jennifer Rode-Hamelman (Rep) | D101: ='Auditor info'!E852 -> jennifer.hamelman@scottcounty.in.gov | E101: ='Auditor info'!E849 -> Office: 812-752-8408
B102: Switzerland County | C102: ='Auditor info'!E900 -> Gayle Sullivan (Rep) | D102: ='Auditor info'!E906 -> ga@switzerland.in.gov | E102: ='Auditor info'!E903 -> Office: 812-427-4401
...

Sheet Index by auditor name
A1: 2023-2024 Directory
A2: Listed by Auditor Name
A4: Last Name | B4: First Name | C4: County | D4: Email | E4: Office Phone
A5: Mellencamp | B5: Tony | C5: Adams County | D5: ='Auditor info'!A8 -> tmellencamp@co.adams.in.us | E5: ='Auditor info'!A5 -> Office: 260-724-5303
A6: Jordan | B6: Nick | C6: Allen County | D6: ='Auditor info'!E8 -> nick.jordan@allencounty.us | E6: ='Auditor info'!A5 -> Office: 260-724-5303
A7: O'Connor | B7: Pia | C7: Bartholomew County | D7: ='Auditor info'!A26 -> pia.oconnor@bartholomew.in.gov | E7: ='Auditor info'!A23 -> Office: 812-379-1510
A8: Freeland | B8: Audrey | C8: Benton County | D8: ='Auditor info'!E26 -> afreeland@bentoncounty.in.gov | E8: ='Auditor info'!E23 -> Office: 765-884-0760 ext 8105
A9: Hartley | B9: Sharon | C9: Blackford County | D9: ='Auditor info'!A52 -> shartley@blackfordcounty.in.gov | E9: ='Auditor info'!A49 -> Office: 765-348-1620
A10: Crum | B10: Debbie | C10: Boone County | D10: ='Auditor info'!E52 -> dcrum@co.boone.in.us | E10: ='Auditor info'!E49 -> Office: 765-482-2940
A11: Reeves | B11: Julia | C11: Brown County | D11: ='Auditor info'!A70 -> reevesj@browncounty-in.us | E11: ='Auditor info'!A67 -> Office: 812-988-5485
A12: Myers | B12: Beth | C12: Carroll County | D12: ='Auditor info'!E70 -> auditor@carrollcountyin.gov | E12: ='Auditor info'!E67 -> Office: 765-564-3172
A13: Alcorn | B13: Cheryl | C13: Cass County | D13: ='Auditor info'!A96 -> cheryl.alcorn@co.cass.in.us | E13: ='Auditor info'!A93 -> Office: 574-753-7720
A14: Yost | B14: Danny | C14: Clark County | D14: ='Auditor info'!E96 -> dyost@clarkcounty.in.gov | E14: ='Auditor info'!E93 -> Office: 812-285-6211
A15: Foxx | B15: Patti | C15: Clay County | D15: ='Auditor info'!A114 -> foxxp@claycountyin.gov | E15: ='Auditor info'!A111 -> Office: 812-448-9001
A16: Ostler | B16: Britt | C16: Clinton County | D16: ='Auditor info'!E114 -> bostler@clintonco.com | E16: ='Auditor info'!E111 -> Office: 765-659-6330
A17: Marples | B17: Wendy | C17: Crawford County | D17: ='Auditor info'!A145 -> auditor@crawfordcountyin.com | E17: ='Auditor info'!A142 -> Office: 812-338-2601
A18: Welsh | B18: Jennifer | C18: Daviess County | D18: ='Auditor info'!E145 -> auditor@daviess.org | E18: ='Auditor info'!E142 -> Office: 812-254-8662
A19: Fromhold | B19: Connie | C19: Dearborn County | D19: ='Auditor info'!A163 -> cfromhold@dearborncounty.in.gov | E19: ='Auditor info'!A160 -> Office: 812-537-8879
A20: Chadwell | B20: Janet | C20: Decatur County | D20: ='Auditor info'!E163 -> auditor@decaturcounty.in.gov | E20: ='Auditor info'!E160 -> Office: 812-663-2570
A21: Sleeper | B21: Susan | C21: DeKalb County | D21: ='Auditor info'!A195 -> ssleeper@co.dekalb.in.us | E21: ='Auditor info'!A192 -> Office: 260-925-2362
A22: Carroll | B22: Edward | C22: Delaware County | D22: ='Auditor info'!E195 -> ECarroll@co.delaware.in.us | E22: ='Auditor info'!E192 -> Office: 765-747-7717
A23: Morton | B23: Sandy | C23: Dubois County | D23: ='Auditor info'!A213 -> slmorton@duboiscountyin.org | E23: ='Auditor info'!A210 -> Office: 812-481-7000
A24: Pickens | B24: Patty | C24: Elkhart County | D24: ='Auditor info'!E213 -> ppickens@elkhartcounty.com | E24: ='Auditor info'!E210 -> Office: 574-535-6719
A25: Doward | B25: Janet | C25: Fayette County | D25: ='Auditor info'!A244 -> auditor@co.fayette.in.us | E25: ='Auditor info'!A241 -> Office: 765-825-8987
A26: Topping | B26: Diana | C26: Floyd County | D26: ='Auditor info'!E244 -> dtopping@floydcounty.in.gov | E26: ='Auditor info'!E241 -> Office: 812-948-5435
A27: Chambers | B27: Colleen | C27: Fountain County | D27: ='Auditor info'!A262 -> cchambers@fountainco.net | E27: ='Auditor info'!A259 -> Office: 765-793-6243
A28: Bauman | B28: Karla | C28: Franklin County | D28: ='Auditor info'!E262 -> kbauman@franklincounty.in.gov | E28: ='Auditor info'!E259 -> Office: 765-647-4631
A29: Sriver | B29: Christina | C29: Fulton County | D29: ='Auditor info'!A294 -> auditor@co.fulton.in.us | E29: ='Auditor info'!A291 -> Office: 574-223-7708
A30: Watkins | B30: Mike | C30: Gibson County | D30: ='Auditor info'!E294 -> mwatkins@gibsoncounty-in.gov | E30: ='Auditor info'!E291 -> Office: 812-385-4927
A31: Jarvis | B31: Angela | C31: Grant County | D31: ='Auditor info'!A312 -> ajarvis@grantcounty.net | E31: ='Auditor info'!A309 -> Office: 765-668-6552
A32: Perry | B32: Heather | C32: Greene County | D32: ='Auditor info'!E312 -> heather.perry@co.greene.in.us | E32: ='Auditor info'!E309 -> Office: 812-384-2008
A33: Mills | B33: Robin | C33: Hamilton County | D33: ='Auditor info'!A342 -> robin.mills@hamiltoncounty.in.gov | E33: ='Auditor info'!A339 -> Office: 317-770-4424
A34: Carnes | B34: Debra | C34: Hancock County | D34: ='Auditor info'!E342 -> dcarnes@hancockcoingov.org | E34: ='Auditor info'!E339 -> Office: 317-477-1105
A35: Shireman | B35: Chad | C35: Harrison County | D35: ='Auditor info'!A360 -> cshireman@harrisoncounty.in.gov | E35: ='Auditor info'!A357 -> Office: 812-738-8241
A36: Marsh | B36: Nancy | C36: Hendricks County | D36: ='Auditor info'!E360 -> nmarsh@co.hendricks.in.us | E36: ='Auditor info'!E357 -> Office: 317-745-9300
A37: Walker | B37: Debbie | C37: Henry County | D37: ='Auditor info'!A390 -> dwalker@henrycounty.in.gov | E37: ='Auditor info'!A387 -> Office: 765-529-2800
A38: Secrease | B38: Jessica | C38: Howard County | D38: ='Auditor info'!E390 -> jessica.rudy@howardcountyin.gov | E38: ='Auditor info'!E387 -> Office: 765-456-2215
A39: Landrum | B39: Jill | C39: Huntington County | D39: ='Auditor info'!A408 -> jill.landrum@huntington.in.us | E39: ='Auditor info'!A405 -> Office: 260-358-4804
A40: Hurt | B40: Roger | C40: Jackson County | D40: ='Auditor info'!E408 -> auditor@jacksoncounty.in.gov | E40: ='Auditor info'!E405 -> Office: 812-358-6122
A41: Jordan | B41: Donya | C41: Jasper County | D41: ='Auditor info'!A440 -> auditor@co.jasper.in.us | E41: ='Auditor info'!A437 -> Office: 219-866-4930
A42: Franks | B42: Emily | C42: Jay County | D42: ='Auditor info'!E440 -> efranks@co.jay.in.us | E42: ='Auditor info'!E437 -> Office: 260-726-7575
A43: Huff | B43: Heather | C43: Jefferson County | D43: ='Auditor info'!A458 -> heather.huff@jeffersoncounty.in.gov | E43: ='Auditor info'!A455 -> Office: 812-265-8907
A44: Abel | B44: Sarah | C44: Jennings County | D44: ='Auditor info'!E458 -> sabel@jenningscounty-in.gov | E44: ='Auditor info'!E455 -> Office: 812-352-3016
A45: Alvey | B45: Elizabeth | C45: Johnson County | D45: ='Auditor info'!A490 -> ealvey@co.johnson.in.us | E45: ='Auditor info'!A487 -> Office: 317-346-4312
A46: Clark-Benock | B46: Lisa | C46: Knox County | D46: ='Auditor info'!E490 -> LCBenock@knoxcounty.in.gov | E46: ='Auditor info'!E487 -> Office: 812-885-2502
A47: Helser | B47: Rhonda | C47: Kosciusko County | D47: ='Auditor info'!A508 -> rhelser@kcgov.com | E47: ='Auditor info'!A505 -> Office: 574-372-2328
A48: Hopper | B48: Kathryn | C48: LaGrange County | D48: ='Auditor info'!E508 -> khopper@lagrangecounty.org | E48: ='Auditor info'!E505 -> Office: 260-499-6310
A49: Holinga-Katona | B49: Peggy | C49: Lake County | D49: ='Auditor info'!A540 -> katonpx@lakecountyin.org | E49: ='Auditor info'!A537 -> Office: 219-755-3901
A50: Stabosz | B50: Timothy | C50: LaPorte County | D50: ='Auditor info'!E540 -> tstabosz@laporteco.in.gov | E50: ='Auditor info'!E537 -> Office: 219-326-6808 ext 2226
A51: Staggs | B51: Jessica | C51: Lawrence County | D51: ='Auditor info'!A558 -> jstaggs@lawrencecounty.in.gov | E51: ='Auditor info'!A555 -> Office: 812-275-3111
A52: Gardner | B52: Rick | C52: Madison County | D52: ='Auditor info'!E558 -> RGardner@madisoncounty.in.gov | E52: ='Auditor info'!A586 -> Office: 317-327-4646
A53: Eldgridge | B53: Myla | C53: Marion County | D53: ='Auditor info'!A589 -> myla.eldridge@indy.gov | E53: ='Auditor info'!A586 -> Office: 317-327-4646
A54: Birchmeier | B54: Angie | C54: Marshall County | D54: ='Auditor info'!E589 -> angieb@co.marshall.in.us | E54: ='Auditor info'!E586 -> Office: 574-935-8555
A55: Norris | B55: Michelle | C55: Martin County | D55: ='Auditor info'!A607 -> mnorris@martincounty.in.gov | E55: ='Auditor info'!A604 -> Office: 812-247-3731
A56: Brown | B56: Mary | C56: Miami County | D56: ='Auditor info'!E607 -> mbrown@miamicountyin.gov | E56: ='Auditor info'!E604 -> Office: 765-472-3901 ext 1240
A57: Smith | B57: Catherine | C57: Monroe County | D57: ='Auditor info'!A636 -> csmith@co.monroe.in.us | E57: ='Auditor info'!A633 -> Office: 812-349-2515
A58: Byers | B58: Mindy | C58: Montgomery County | D58: ='Auditor info'!E636 -> mindy.byers@montgomerycounty.in.gov | E58: ='Auditor info'!E633 -> Office: 765-364-6401
A59: Pruitt | B59: Linda | C59: Morgan County | D59: ='Auditor info'!A654 -> lpruitt@morgancounty.in.gov | E59: ='Auditor info'!A651 -> Office: 765-342-1001
A60: James | B60: Tamra | C60: Newton County | D60: ='Auditor info'!E654 -> tjames@newtoncounty.in.gov | E60: ='Auditor info'!E651 -> Office: 219-474-6081 Ext. 1200
A61: Mawhorter | B61: Shelley | C61: Noble County | D61: ='Auditor info'!A685 -> smawhorter@nobleco.us | E61: ='Auditor info'!A682 -> Office: 260-636-2658
A62: Hochstrasser | B62: Amy | C62: Ohio County | D62: ='Auditor info'!E685 -> ahochstrasser@ohiocountyin.gov | E62: ='Auditor info'!E682 -> Office: 812-438-2062
A63: Stroud | B63: Lonnie | C63: Orange County | D63: ='Auditor info'!A703 -> auditorLonnie@co.orange.in.us | E63: ='Auditor info'!A700 -> Office: 812-723-7100
A64: Reeves | B64: Sheila | C64: Owen County | D64: ='Auditor info'!E703 -> sheila.reeves@owencounty.in.gov | E64: ='Auditor info'!E700 -> Office: 812-829-5000
A65: Wood | B65: Mary Anne | C65: Parke County | D65: ='Auditor info'!A735 -> auditor@parkecounty.in.gov | E65: ='Auditor info'!A732 -> Office: 765-569-3422
A66: Hammack | B66: Kristinia | C66: Perry County | D66: ='Auditor info'!E735 -> auditor@perrycounty.in.gov | E66: ='Auditor info'!E732 -> Office: 812-547-6427
A67: Gumbel | B67: Judith | C67: Pike County | D67: ='Auditor info'!A753 -> jgumbel@pikecounty.in.gov | E67: ='Auditor info'!A750 -> Office: 812-354-6451
A68: Martin | B68: Karen | C68: Porter County | D68: ='Auditor info'!E753 -> karen.martin@porterco.org | E68: ='Auditor info'!E750 -> Office: 219-465-3350
A69: Greenwell | B69: Meagen | C69: Posey County | D69: ='Auditor info'!A785 -> maegen.greenwell@poseycountyin.gov | E69: ='Auditor info'!A782 -> Office: 812-838-1300
A70: Wheeler | B70: Laura | C70: Pulaski County | D70: ='Auditor info'!E785 -> pulaskiauditor@pulaskicounty.in.gov | E70: ='Auditor info'!E782 -> Office: 574-946-3653
A71: Berish | B71: Kristina | C71: Putnam County | D71: ='Auditor info'!A803 -> auditor@co.putnam.in.us | E71: ='Auditor info'!A800 -> Office: 765-653-5513
A72: Martin | B72: Laura | C72: Randolph County | D72: ='Auditor info'!E803 -> lmartin@randolph.in.gov | E72: ='Auditor info'!E800 -> Office: 765-584-6700
A73: Copeland | B73: Amy | C73: Ripley County | D73: ='Auditor info'!A834 -> acopeland@ripleycounty.com | E73: ='Auditor info'!A831 -> Office: 812-689-6311
A74: Justice | B74: Tammy | C74: Rush County | D74: ='Auditor info'!E834 -> auditor@rushcounty.in.gov | E74: ='Auditor info'!E831 -> Office: 765-932-2077
A75: Rode-Hamelman | B75: Jennifer | C75: Scott County | D75: ='Auditor info'!E852 -> jennifer.hamelman@scottcounty.in.gov | E75: ='Auditor info'!E849 -> Office: 812-752-8408
A76: Glackman | B76: Amy | C76: Shelby County | D76: ='Auditor info'!A870 -> aglackman@co.shelby.in.us | E76: ='Auditor info'!A867 -> Office: 317-392-6310
A77: Bunner | B77: Melissa | C77: Spencer County | D77: ='Auditor info'!E870 -> spenceraud@psci.net | E77: ='Auditor info'!E867 -> Office: 812-649-6004
A78: Murphy | B78: John | C78: St. Joseph County | D78: ='Auditor info'!A852 -> JMurphy@sjcindiana.com | E78: ='Auditor info'!A849 -> Office: 574-235-9399
A79: Oesterreich | B79: Rachel | C79: Starke County | D79: ='Auditor info'!A888 -> Roesterreich@starke.in.gov | E79: ='Auditor info'!A885 -> Office: 574-772-9101
A80: Johnson | B80: Kelli | C80: Steuben County | D80: ='Auditor info'!E888 -> kjohnson@co.steuben.in.us | E80: ='Auditor info'!E885 -> Office: 260-668-1000 Ext 1218
A81: Scarbrough | B81: Amy | C81: Sullivan County | D81: ='Auditor info'!A906 -> ascarbrough@sullivancounty.in.gov | E81: ='Auditor info'!A903 -> Office: 812-268-4491
A82: Sullivan | B82: Gayle | C82: Switzerland County | D82: ='Auditor info'!E906 -> ga@switzerland.in.gov | E82: ='Auditor info'!E903 -> Office: 812-427-4401
A83: Weston | B83: Jennifer | C83: Tippecanoe County | D83: ='Auditor info'!A937 -> jweston@tippecanoe.in.gov | E83: ='Auditor info'!A934 -> Office: 765-423-9207
A84: Pickering | B84: Melissa | C84: Tipton County | D84: ='Auditor info'!E937 -> auditor@tiptoncounty.in.gov | E84: ='Auditor info'!E934 -> Office: 765-675-2794
A85: Spaeth | B85: Dennis | C85: Union County | D85: ='Auditor info'!A955 -> auditor@unioncountyin.us | E85: ='Auditor info'!A952 -> Office: 765-458-5464
A86: Gerth | B86: Brian | C86: Vanderburgh County | D86: ='Auditor info'!E955 -> bagerth@vanderburghgov.org | E86: ='Auditor info'!E952 -> Office 812-435-5763
A87: Furry | B87: Brenda | C87: Vermillion County | D87: ='Auditor info'!A986 -> brenda.furry@vermillioncounty.in.gov | E87: ='Auditor info'!A983 -> Office: 765-492-5300
A88: Bramble | B88: James | C88: Vigo County | D88: ='Auditor info'!E986 -> James.Bramble@vigocounty.in.gov | E88: ='Auditor info'!E983 -> Office: 812-462-3361
A89: Shepherd | B89: Marcie | C89: Wabash County | D89: ='Auditor info'!A1004 -> auditor@wabashcounty.in.gov | E89: ='Auditor info'!A1001 -> Office: 260-563-0661
A90: Heindenreich | B90: Lori | C90: Warren County | D90: ='Auditor info'!E1004 -> auditor@warrencounty.in.gov | E90: ='Auditor info'!E1001 -> Office: 765-762-3275
A91: Dietsch | B91: Michael | C91: Warrick County | D91: ='Auditor info'!A1036 -> mdietsch@warrickcounty.gov | E91: ='Auditor info'!A1033 -> Office: 812-897-6110
A92: Stephenson | B92: Kyra | C92: Washington County | D92: ='Auditor info'!E1036 -> kstephenson@washingtoncounty.in.gov | E92: ='Auditor info'!E1033 -> Office: 812-883-4805
A93: Hoelscher | B93: Mark | C93: Wayne County | D93: ='Auditor info'!A1054 -> mhoelscher@co.wayne.in.us | E93: ='Auditor info'!A1051 -> Office: 765-973-9317 Ext. 1319
A94: McCormick | B94: Lisa | C94: Wells County | D94: ='Auditor info'!E1054 -> auditor@wellscounty.org | E94: ='Auditor info'!E1051 -> Office: 260-824-6474
A95: Billue | B95: Libby | C95: White County | D95: ='Auditor info'!A1087 -> libby.billue@whitecounty.in.gov | E95: ='Auditor info'!A1084 -> Office: 574-583-1515
A96: Deakins | B96: Tiffany | C96: Whitley County | D96: ='Auditor info'!E1087 -> wcauditor@whitleygov.com | E96: ='Auditor info'!E1084 -> Office: 260-248-3100
